 Dungeon Crawl Stone Soup version 0.29.1-1-gd02db6906a (webtiles) character file.

Game seed: 17997657536882327205

7903 olmar the Thaumaturge (level 11, -15/86 HPs)
             Began as a Gnoll Warper on Oct 16, 2022.
             Was an Initiate of Gozag.
             Killed from afar by an acid dragon (36 damage)
             ... with a splash of acid
             ... on level 9 of the Dungeon.
             The game lasted 00:28:44 (13706 turns).

olmar the Thaumaturge (Gnoll Warper)               Turns: 13706, Time: 00:28:45

Health: -15/86     AC: 13    Str: 15    XL:     11   Next: 22%
Magic:  15/23      EV: 16    Int: 21    God:    Gozag
Gold:   405        SH:  0    Dex: 15    Spells: 17/26 levels left

rFire   . . .      SeeInvis .   C - +3 whip (pain)
rCold   . . .      Faith    .   (no shield)
rNeg    . . .      Spirit   .   H - +4 robe of Augmentation {Str+4 Int+4 Dex+4}
rPois   .          Reflect  .   (no helmet)
rElec   .          Harm     .   k - +0 cloak
rCorr   .          Rampage  .   (no gloves)
Will    .....      Clarity  +   B - +0 pair of boots
Stlth   ++++++....              (no amulet)
HPRegen 0.24/turn               K - ring of Shadows {Umbra +Inv Stlth+}
MPRegen 0.18/turn               O - +4 ring of protection

@: gold aura, wreathed by umbra
A: fangs 1, strong nose, distributed training, clarity, mutation resistance 1,
MP-powered wands
a: Renounce Religion, Evoke Invisibility, Potion Petition, Call Merchant, Bribe
Branch


You were on level 9 of the Dungeon.
You worshipped Gozag.
Gozag was aware of your devotion.
You visited 1 branch of the dungeon, and saw 9 of its levels.

You collected 1771 gold pieces.
You spent 600 gold pieces at shops.
You paid 766 gold pieces to Gozag.

Inventory:

Hand Weapons
 a - a +0 mace of venom
 l - a +2 hand axe of draining
 w - a +0 war axe of freezing
 C - a +3 whip of pain (weapon)
 Q - a +3 scimitar of flaming
Missiles
 c - 19 poisoned darts
 J - 2 boomerangs
Armour
 b - a +0 leather armour
 k - a +0 cloak (worn)
 t - an orb of energy
 u - the +5 scale mail of Existentialism {Dex+4}
   (You found it on level 2 of the Dungeon)

   Dex:       It affects your dexterity (+4).
 B - a +0 pair of boots (worn)
 H - the +4 robe of Augmentation (worn) {Str+4 Int+4 Dex+4}
   (You found it on level 6 of the Dungeon)

   Str:       It affects your strength (+4).
   Int:       It affects your intelligence (+4).
   Dex:       It affects your dexterity (+4).
Magical Staves
 n - a staff of cold
 D - a staff of conjuration
 P - a staff of earth
Jewellery
 K - the ring of Shadows (left hand) {Umbra +Inv Stlth+}
   (You bought it in a shop on level 9 of the Dungeon)

   [ring of stealth]

   It surrounds you with an aura of shadow, increasing your stealth and reducing
   the accuracy of all others within it.
   +Inv:      It lets you turn invisible.
   Stlth:     It makes you more stealthy.
 O - a +4 ring of protection (right hand)
Wands
 d - a wand of polymorph (7) (quivered)
 f - a wand of quicksilver (5)
 g - a wand of paralysis (1)
 M - a wand of flame (4)
Scrolls
 i - 2 scrolls of magic mapping
 j - a scroll of vulnerability
 m - a scroll of acquirement {unknown}
 o - 2 scrolls of teleportation
 p - a scroll of noise {unknown}
 q - 3 scrolls of enchant weapon
 s - a scroll of immolation
 v - 2 scrolls of fear {unknown}
 y - 2 scrolls of enchant armour {unknown}
 A - 2 scrolls of brand weapon
 F - a scroll of poison {unknown}
 L - a scroll of blinking
Potions
 e - 2 potions of mutation
 h - a potion of degeneration
 r - 5 potions of curing
 x - 2 potions of haste
 z - 2 potions of magic
 E - a potion of might {unknown}
 G - 2 potions of resistance {unknown}
 I - 3 potions of ambrosia


   Skills:
 + Level 7.9 Fighting
 + Level 6.3 Short Blades
 + Level 6.3 Long Blades
 + Level 6.3 Axes
 + Level 7.9 Maces & Flails
 + Level 6.3 Polearms
 + Level 6.3 Staves
 + Level 6.3 Ranged Weapons
 + Level 6.9 Throwing
 + Level 6.9 Armour
 + Level 7.9 Dodging
 + Level 6.3 Stealth
 + Level 6.3 Shields
 + Level 6.3 Unarmed Combat
 + Level 8.1 Spellcasting
 + Level 5.2 Conjurations
 + Level 5.2 Hexes
 + Level 5.2 Summonings
 + Level 5.2 Necromancy
 + Level 7.6 Translocations
 + Level 5.2 Transmutations
 + Level 5.2 Fire Magic
 + Level 5.2 Ice Magic
 + Level 5.2 Air Magic
 + Level 5.2 Earth Magic
 + Level 5.2 Poison Magic
 + Level 6.9 Invocations
 + Level 6.3 Evocations


You had 17 spell levels left.
You knew the following spells:

 Your Spells              Type           Power      Damage    Failure   Level
a - Blink                 Tloc           80%        N/A       1%          2
b - Necrotise             Necr           100%       1d9       1%          1
c - Summon Small Mammal   Summ           100%       N/A       1%          1
d - Manifold Assault      Tloc           40%        N/A       10%         5

Your spell library contained the following spells:

 Spells                   Type           Power      Damage    Failure   Level
 Apportation              Tloc           80%        N/A       1%          1
 Static Discharge         Conj/Air       30%        3-7/arc   1%          2
 Sublimation of Blood     Necr           30%        N/A       1%          2
 Gell's Gravitas          Tloc           40%        N/A       1%          3
 Lesser Beckoning         Tloc           40%        N/A       1%          3
 Teleport Other           Tloc           40%        N/A       1%          3
 Petrify                  Tmut/Erth      30%        N/A       9%          4
 Irradiate                Conj/Tmut      15%        3d16      26%         5
 Lightning Bolt           Conj/Air       15%        1d29      26%         5
 Maxwell's Capacitive Co  Air            15%        ∞         100%        8


Dungeon Overview and Level Annotations

Branches:
Dungeon (9/15)             Temple (0/1) D:5            Lair (0/5) D:9
    Orc: D:9-12

Altars:
Gozag
Kikubaaqudgha
Makhleb
Xom
Yredelemnul
Zin

Shops:
D:9 =

Annotations:
D:3 4 transporters, Godmorgon's ghost, amateur TeCj; Menkaure
D:7 1 runed translucent door, lonewolfV2's ghost, novice HOFi


Innate Abilities, Weirdness & Mutations

You have very sharp teeth.
Your uncanny sense of smell can sniff out nearby items.
Your experience applies equally to all skills.
You possess an exceptional clarity of mind.
You are somewhat resistant to further mutation.
You expend magic power (3 MP) to strengthen your wands.


Message History

Unknown command.
You barely miss the wyvern.
The wyvern is no longer distracted by gold.
The wyvern hisses angrily.
The wyvern is moderately wounded.
The wyvern bites you but does no damage.
Unknown command.
Okay, then.
Aiming: Quicksilver Bolt
Press: ? - help, Q - select action, (/) - cycle Shift-Dir - straight line, f - wyvern
Aim: a wyvern (moderately wounded, umbra, 74% to hit)
You feel a surge of power!
The bolt of dispelling energy hits the wyvern!!
You kill the wyvern!
The bolt of dispelling energy misses the acid dragon.
The acid dragon is distracted by your dazzling golden aura.
Unknown command.
Unknown command.
Unknown command.
Unknown command.
Okay, then.
Aiming: Polymorph
Press: ? - help, Q - select action, (/) - cycle Shift-Dir - straight line, f - howler monkey
Aim: a howler monkey (lightly wounded, umbra, will become a killer bee, a gnoll, or a jelly, chance to affect: 78%)
Okay, then.
A bullfrog comes into view.
The acid dragon is no longer distracted by gold.
The bullfrog is distracted by your dazzling golden aura.
The acid dragon spits acid at you. The splash of acid hits you!!
* * * LOW HITPOINT WARNING * * *
You hear a shout!
You hear a bellow!
There is an open door here.
A yak and a kobold brigand come into view.
The kobold brigand is wielding a +0 short sword and quivering poisoned darts.
The howler monkey hoots and howls with incredible vigour!
The acid dragon spits acid at you. The splash of acid hits you!!!
You die...
Your body crumbles into a pile of gold.

... $ #.. .Y ###
##.. ### #FK## .(#
#..#.#D.# #.###$#
#.#..#$.#
#.'h.#h.#
#@####### ######
#...#########.....
###...........####
#######..##.####
##........
#...§≈≈≈≈
#..≈≈§≈§§
#..≈≈_...
##.≈≈≈≈§≈


You could see a yak (wandering), an acid dragon (catching breath), a kobold
brigand (wandering), a bullfrog and a howler monkey.

Vanquished Creatures
  Erica (D:9)
  Joseph (D:9)
  Maurice (D:8)
  A troll (D:9)
  2 vampires (D:9)
  4 wyverns (D:9)
  Grum (D:8)
  7 yaks
  A basilisk (D:9)
  5 water moccasins
  5 orc warriors
  A black bear (D:5)
  A sky beast (D:7)
  2 ogres
  3 wolves (D:8)
  3 centaurs
  A phantom (D:5)
  Blork the orc (D:5)
  2 kobold brigands
  6 scorpions
  2 gnoll sergeants
  2 necrophages
  3 bullfrogs
  2 howler monkeys
  2 electric eels (D:8)
  3 hounds (D:5)
  2 gnoll boudas (D:8)
  6 orc priests
  3 jellies
  9 iguanas
  4 orc wizards
  6 adders
  5 gnolls (D:7)
  An ufetubus (D:7)
  4 worms
  2 dart slugs
  31 orcs
  5 endoplasms
  5 giant cockroaches
  9 goblins
  3 hobgoblins
  3 quokkas
  7 ball pythons
  7 bats
  3 frilled lizards
  16 kobolds
  7 rats
201 creatures vanquished.

Vanquished Creatures (collateral kills)
  A wyvern (D:8)
  An acid dragon (D:9)
  An ice beast (D:7)
  An orc (D:8)
4 creatures vanquished.

Vanquished Creatures (others)
  An angel (D:6)
  4 fungi (D:9)
  20 plants (D:9)
25 creatures vanquished.

Grand Total: 230 creatures vanquished

Notes
Turn   | Place    | Note
-------+----------+-------------------------------------------
     0 | D:1      | olmar the Gnoll Warper began the quest for the Orb.
     0 | D:1      | Reached XP level 1. HP: 20/20 MP: 6/6
   247 | D:1      | Reached XP level 2. HP: 8/26 MP: 7/7
   936 | D:1      | Reached skill level 5 in Spellcasting
   936 | D:1      | Reached XP level 3. HP: 30/31 MP: 7/9
  1046 | D:1      | Learned a level 2 spell: Blink
  1132 | D:2      | Reached skill level 1 in Invocations
  1556 | D:2      | Found a faded altar of an unknown god.
  1569 | D:2      | Prayed at the altar of an unknown god.
  1569 | D:2      | Became a worshipper of Gozag Ym Sagoz the Greedy
  1596 | D:2      | Reached skill level 1 in Short Blades
  1596 | D:2      | Reached skill level 1 in Long Blades
  1596 | D:2      | Reached skill level 1 in Axes
  1596 | D:2      | Reached skill level 1 in Polearms
  1596 | D:2      | Reached skill level 1 in Staves
  1596 | D:2      | Reached skill level 1 in Ranged Weapons
  1596 | D:2      | Reached skill level 1 in Stealth
  1596 | D:2      | Reached skill level 1 in Shields
  1596 | D:2      | Reached skill level 1 in Unarmed Combat
  1596 | D:2      | Reached skill level 1 in Evocations
  1686 | D:2      | Reached XP level 4. HP: 28/38 MP: 11/11
  1794 | D:2      | Identified the +5 scale mail of Existentialism {Dex+4}
  2132 | D:3      | Reached skill level 1 in Conjurations
  2132 | D:3      | Reached skill level 1 in Hexes
  2132 | D:3      | Reached skill level 1 in Summonings
  2132 | D:3      | Reached skill level 1 in Necromancy
  2132 | D:3      | Reached skill level 1 in Transmutations
  2132 | D:3      | Reached skill level 1 in Fire Magic
  2132 | D:3      | Reached skill level 1 in Ice Magic
  2132 | D:3      | Reached skill level 1 in Air Magic
  2132 | D:3      | Reached skill level 1 in Earth Magic
  2132 | D:3      | Reached skill level 1 in Poison Magic
  2375 | D:3      | Found a transporter.
  2384 | D:3      | Found a transporter.
  2400 | D:3      | Noticed a necrophage
  2401 | D:3      | Found an ancient bone altar of Kikubaaqudgha.
  2411 | D:3      | Noticed Menkaure
  2413 | D:3      | Found a basalt altar of Yredelemnul.
  2504 | D:3      | Reached XP level 5. HP: 40/43 MP: 12/12
  2649 | D:3      | Gained mutation: You are somewhat resistant to further
                  | mutation. [potion of mutation]
  2649 | D:3      | Gained mutation: You possess an exceptional clarity of
                  | mind. [potion of mutation]
  2649 | D:3      | Gained mutation: You expend magic power (3 MP) to
                  | strengthen your wands. [potion of mutation]
  3186 | D:3      | Found a transporter.
  3186 | D:3      | Noticed Godmorgon's ghost (amateur TeCj)
  3479 | D:3      | Found a transporter.
  3744 | D:4      | Reached XP level 6. HP: 20/50 MP: 13/13
  4029 | D:4      | Reached skill level 5 in Fighting
  4029 | D:4      | Reached skill level 5 in Maces & Flails
  4029 | D:4      | Reached skill level 5 in Dodging
  4088 | D:4      | Identified the +1 dagger of the Equinox {protect, SInv}
  4700 | D:5      | Entered Level 5 of the Dungeon
  4728 | D:5      | Reached XP level 7. HP: 56/56 MP: 15/15
  4811 | D:5      | Noticed Blork the orc
  4871 | D:5      | Killed Blork the orc
  5619 | D:5      | Reached XP level 8. HP: 43/63 MP: 16/16
  5725 | D:5      | Found a staircase to the Ecumenical Temple.
  5792 | D:5      | Reached skill level 6 in Spellcasting
  6421 | D:6      | Killed an angel
  6918 | D:6      | Found a glowing silver altar of Zin.
  6920 | D:6      | Found a shimmering altar of Xom.
  6972 | D:6      | Reached XP level 9. HP: 48/69 MP: 18/18
  7169 | D:6      | Found the +4 robe of Augmentation {Str+4 Int+4 Dex+4}
  7782 | D:6      | Learned a level 1 spell: Necrotise
  7784 | D:6      | Learned a level 1 spell: Summon Small Mammal
  8278 | D:7      | Reached skill level 5 in Throwing
  8278 | D:7      | Reached skill level 5 in Armour
  8533 | D:7      | Found a runed translucent door.
  8533 | D:7      | Noticed lonewolfV2's ghost (novice HOFi)
  9147 | D:7      | Reached skill level 5 in Invocations
  9624 | D:8      | Noticed Grum
  9684 | D:8      | Killed Grum
 10041 | D:8      | Reached skill level 7 in Spellcasting
 10076 | D:8      | Learned a level 5 spell: Manifold Assault
 10192 | D:8      | Noticed Maurice
 10209 | D:8      | Reached skill level 5 in Short Blades
 10209 | D:8      | Reached skill level 5 in Long Blades
 10209 | D:8      | Reached skill level 5 in Axes
 10209 | D:8      | Reached skill level 5 in Polearms
 10209 | D:8      | Reached skill level 5 in Staves
 10209 | D:8      | Reached skill level 5 in Ranged Weapons
 10209 | D:8      | Reached skill level 5 in Stealth
 10209 | D:8      | Reached skill level 5 in Shields
 10209 | D:8      | Reached skill level 5 in Unarmed Combat
 10209 | D:8      | Reached skill level 5 in Evocations
 10212 | D:8      | Reached XP level 10. HP: 77/77 MP: 10/20
 10228 | D:8      | Killed Maurice
 12302 | D:9      | Bought the ring of Shadows {Umbra +Inv Stlth+} for 600 gold
                  | pieces
 12302 | D:9      | Found the ring of Shadows {Umbra +Inv Stlth+}
 12496 | D:9      | Found a staircase to the Lair.
 12736 | D:9      | Noticed Joseph
 12759 | D:9      | Killed Joseph
 12959 | D:9      | Noticed Erica
 12982 | D:9      | Killed Erica
 12983 | D:9      | Reached skill level 8 in Spellcasting
 12983 | D:9      | Reached skill level 5 in Conjurations
 12983 | D:9      | Reached skill level 5 in Hexes
 12983 | D:9      | Reached skill level 5 in Summonings
 12983 | D:9      | Reached skill level 5 in Necromancy
 12983 | D:9      | Reached skill level 5 in Transmutations
 12983 | D:9      | Reached skill level 5 in Fire Magic
 12983 | D:9      | Reached skill level 5 in Ice Magic
 12983 | D:9      | Reached skill level 5 in Air Magic
 12983 | D:9      | Reached skill level 5 in Earth Magic
 12983 | D:9      | Reached skill level 5 in Poison Magic
 12983 | D:9      | Reached XP level 11. HP: 41/85 MP: 11/23
 13609 | D:9      | Found a burning altar of Makhleb.
 13706 | D:9      | Killed from afar by an acid dragon

Illustrated notes

Levels and vault maps discovered:
D:1:      dpeg_arrival_boxorama, layout_basic, nicolae_wormholes
D:2:      layout_loops_ring, hellmonk_ecumenical_altar_run_dry
D:3:      layout_loops_ring, gammafunk_temple_of_torment,
          gammafunk_ghost_mausoleum, bh_walls_and_bars
D:4:      layout_loops_ring
D:5:      layout_cave_pools, minmay_temple_entry_statues_fountains,
          grunt_ministairs_14, minmay_misc_feat_alley, uniq_menkaure,
          uniq_blork_the_orc
D:6:      layout_loops_ring, grunt_temple_overflow_order_and_chaos_1
D:7:      layout_loops_ring, ebering_ghost_inner_flame, serial_park_tiny_1,
          hangedman_decor_clover_reticule
D:8:      wad_river_or_something, layout_basic, uniq_grum, uniq_maurice
D:9:      minmay_s_stair_smasher, layout_basic, mainiacjoe_overflow_catwalk,
          minmay_lair_entry_grove, uniq_joseph, uniq_erica

Skill      XL: |  1  2  3  4  5  6  7  8  9 10 |
---------------+-------------------------------+-----
Spellcasting   | 5 6 7 8 |  8.1
Invocations    | 1 2 3 4 5 6 |  6.9
Short Blades   | 1 2 3 4 5 6 |  6.3
Long Blades    | 1 2 3 4 5 6 |  6.3
Axes           | 1 2 3 4 5 6 |  6.3
Polearms       | 1 2 3 4 5 6 |  6.3
Staves         | 1 2 3 4 5 6 |  6.3
Ranged Weapons | 1 2 3 4 5 6 |  6.3
Stealth        | 1 2 3 4 5 6 |  6.3
Shields        | 1 2 3 4 5 6 |  6.3
Unarmed Combat | 1 2 3 4 5 6 |  6.3
Evocations     | 1 2 3 4 5 6 |  6.3
Conjurations   | 1 2 3 4 5 |  5.2
Hexes          | 1 2 3 4 5 |  5.2
Summonings     | 1 2 3 4 5 |  5.2
Necromancy     | 1 2 3 4 5 |  5.2
Transmutations | 1 2 3 4 5 |  5.2
Fire Magic     | 1 2 3 4 5 |  5.2
Ice Magic      | 1 2 3 4 5 |  5.2
Air Magic      | 1 2 3 4 5 |  5.2
Earth Magic    | 1 2 3 4 5 |  5.2
Poison Magic   | 1 2 3 4 5 |  5.2
Throwing       | 3 4 5 6 |  6.9
Armour         | 3 4 5 6 |  6.9
Fighting       | 5 6 7 |  7.9
Maces & Flails | 5 6 7 |  7.9
Dodging        | 5 6 7 |  7.9
Translocations | 6 7 |  7.6

Action                   |  1- 3 |  4- 6 |  7- 9 | 10-12 || total
-------------------------+-------+-------+-------+-------++-------
Melee: Mace              |    51 |       |       |       ||    51
       Bite              |     8 |    19 |    41 |    46 ||   114
       Hand axe          |    53 |   104 |       |       ||   157
       Punch             |     1 |     2 |    16 |    12 ||    31
       Whip              |       |    46 |   404 |   310 ||   760
       Staff             |       |       |       |    14 ||    14
Throw: Boomerang         |       |    18 |    11 |     7 ||    36
       Dart              |       |     9 |    36 |    13 ||    58
       Throwing net      |       |       |     1 |     2 ||     3
 Cast: Blink             |     1 |     2 |     3 |     2 ||     8
       Necrotise         |       |       |    33 |     4 ||    37
       Summon Small Mamm |       |       |    24 |    13 ||    37
       Manifold Assault  |       |       |     1 |     5 ||     6
Invok: Call Merchant     |       |       |       |     1 ||     1
Evoke: Wand              |       |       |       |    10 ||    10
  Use: Scroll            |       |     2 |     8 |     3 ||    13
       Potion            |       |     1 |     6 |     4 ||    11
 Stab: Sleeping          |     2 |       |     2 |     5 ||     9
       Distracted        |       |     1 |       |     5 ||     6
       Paralysed         |       |       |       |    25 ||    25
       Held in net/web   |       |       |       |     2 ||     2
Armor: Leather armour    |    30 |     2 |       |       ||    32
       Scale mail        |       |    75 |    97 |       ||   172
       Skin              |       |       |    51 |     5 ||    56
       Robe              |       |       |    39 |    47 ||    86
Dodge: Dodged            |    84 |    66 |   204 |   132 ||   486
